 Dungeon Crawl Stone Soup version 0.23-a0-241-g3b46b07 (webtiles) character file.

11819 Felrender the Cleaver (level 11, -4/95 HPs)
             Began as a Minotaur Fighter on Sept 26, 2018.
             Was a High Priest of Okawaru.
             Slain by a gargoyle
             ... wielding a +2 mace of holy wrath
              (14 damage)
             ... on level 11 of the Dungeon.
             The game lasted 00:22:38 (9260 turns).

Felrender the Cleaver (Minotaur Fighter)            Turns: 9260, Time: 00:22:39

Health: -4/95      AC: 15    Str: 24    XL:     11   Next: 54%
Magic:  8/10       EV: 12    Int:  5    God:    Okawaru [*****.]
Gold:   514        SH: 14    Dex: 10    Spells: 10/10 levels left

rFire    + + .     SeeInvis .   a - +2 war axe
rCold    . . .     Gourm    .   c - +0 shield
rNeg     . . .     Faith    .   t - +5 chain mail {rF+}
rPois    .         Spirit   .   k - +1 hat
rElec    .         Reflect  .   i - +0 cloak
rCorr    .         Harm     .   b - +0 pair of gloves
MR       .....                  (no boots)
Stlth    ..........             I - amulet of rage
HPRegen  0.25/turn              h - ring of protection from fire
MPRegen  0.12/turn              (no ring)

@: heroism, corroded
A: retaliatory headbutt, horns 2
a: Heroism, Finesse, Renounce Religion, Evoke Berserk Rage


You were on level 11 of the Dungeon.
You worshipped Okawaru.
Okawaru was extremely pleased with you.
You were not hungry.

You visited 1 branch of the dungeon, and saw 11 of its levels.
You also visited: Sewer.

You collected 724 gold pieces.
You spent 210 gold pieces at shops.

Inventory:

Hand Weapons
 a - a +2 war axe (weapon)
 l - a +2 flail of protection
 u - a +0 lajatang
 w - a +0 halberd
 H - a +0 falchion of flaming
 K - a cursed -2 dire flail
Missiles
 y - 9 tomahawks (quivered)
 O - 8 silver javelins
Armour
 b - a +0 pair of gloves (worn)
 c - a +0 shield (worn)
 i - a +0 cloak (worn)
 k - a +1 hat (worn)
 t - a +5 chain mail of fire resistance (worn)
Magical Staves
 P - an uncursed staff of poison {unknown}
Jewellery
 h - a ring of protection from fire (left hand)
 D - a cursed amulet of inaccuracy {unknown}
 I - an amulet of rage (around neck)
 M - an uncursed ring of poison resistance {unknown}
Wands
 x - a wand of acid (8)
 F - a wand of paralysis (20)
 J - a wand of flame (31)
Scrolls
 g - a scroll of fog
 j - a scroll of magic mapping
 p - 6 scrolls of teleportation
 E - a scroll of fear
 G - 3 scrolls of remove curse
Potions
 d - a potion of might
 e - 5 potions of curing
 m - a potion of brilliance
 n - 2 potions of cancellation {unknown}
 o - 3 potions of flight {unknown}
 q - a potion of resistance
 r - 3 potions of haste
 s - a potion of berserk rage {unknown}
 v - 4 potions of agility {unknown}
 z - a potion of lignification {unknown}
 A - 3 potions of ambrosia {unknown}
 B - a potion of heal wounds
 C - a potion of magic {unknown}
 Q - a potion of invisibility {unknown}
 R - a potion of mutation {unknown}
Comestibles
 f - 21 rations


   Skills:
 + Level 8.4(13.4) Fighting
 + Level 13.0(18.1) Axes
 + Level 2.8(14.1) Maces & Flails
 + Level 0.1(5.1) Throwing
 * Level 11.2(16.2) Armour
 + Level 3.7(8.7) Dodging
 + Level 0.6(5.6) Stealth
 * Level 11.0(16.0) Shields
 + Level 0.6 Invocations


You had 10 spell levels left.
You didn't know any spells.
Your spell library contained the following spells:

 Spells                   Type           Power        Failure   Level  Hunger
 Animate Skeleton         Necr           N/A          91%         1    ##.....
 Apportation              Tloc           #.....       91%         1    ##.....
 Confusing Touch          Hex            #.....       91%         1    ##.....
 Magic Dart               Conj           #...         91%         1    ##.....
 Summon Small Mammal      Summ           #...         91%         1    ##.....
 Ensorcelled Hibernation  Hex/Ice        #.....       97%         2    ###....
 Searing Ray              Conj           #.....       97%         2    ###....
 Dazzling Spray           Conj/Hex       #.....       99%         3    ####...
 Stone Arrow              Conj/Erth      #.....       99%         3    ####...
 Summon Guardian Golem    Hex/Summ       #.......     99%         3    ####...
 Force Lance              Conj/Tloc      #.......     100%        4    #####..
 Fulminant Prism          Conj/Hex       #.........   100%        4    #####..
 Iskenderun's Mystic Bla  Conj           #.......     100%        4    #####..
 Sticky Flame             Conj/Fire      #.......     100%        4    #####..
 Freezing Cloud           Conj/Ice/Air   #.........   100%        6    #######
 Ignition                 Fire           #.........   100%        8    #######
 Shatter                  Erth           #.........   100%        9    #######


Dungeon Overview and Level Annotations

Branches:
Dungeon (11/15)            Temple (0/1) D:5            Lair (0/6) D:9
    Orc (0/2) D:9

Altars:
Ashenzari
Dithmenos
Hepliaklqana
Makhleb
Okawaru
Ru
Trog
Xom
Beogh

Shops:
D:4 [

Annotations:
D:11 2 transporters, Phroggus's ghost, journeyman DrWn


Innate Abilities, Weirdness & Mutations

You reflexively headbutt those who attack you in melee.
You have a pair of horns on your head.


Message History

You headbutt the gargoyle, but do no damage.
The gargoyle is almost destroyed.
You closely miss the ogre.
You hear an angry hiss.
A wyvern comes into view.
You block the ogre's attack. You block the gargoyle's attack.
Your chain mail prevents you from hitting the gargoyle.
The gargoyle is almost destroyed.
You hit the ogre but do no damage.
You gain the combat prowess of a mighty hero.
The gargoyle hurls a stone arrow at you.
You block the stone arrow. The ogre barely misses you.
The gargoyle hurls a stone arrow at you.
The stone arrow hits you!
* * * LOW HITPOINT WARNING * * *
The ogre barely misses you. You furiously retaliate!
You headbutt the ogre, but do no damage.
You fail to use your ability.
The gargoyle hits you with a mace of holy wrath!
You die...

#..##...##..#.#
#.....©.....#.#
#..##...##..#.#########
#..#8...8#..#.........<
#..##...##.p#.#.######
#......M...W#.#..#
#.WWM):"$.WW#.##.#########
#############.##.9........
......©.......##@#.#....##
#####...####.###O#.###....
##.## #.# #...$.# #..
#####..#####.###.......# #
...............#..#.#....#
...............#..#.###...
...............#..... #.
################......
#.[..##.


You could see a gargoyle and an ogre.

Vanquished Creatures
  Gastronok (D:11)
  A hydra (D:8)
  Harold (D:9)
  A two-headed ogre (D:9)
  Pikel (D:9)
  A centaur zombie (D:9)
  An elephant (D:9)
  A komodo dragon (D:10)
  2 dream sheep (D:8)
  4 hippogriffs
  A wraith (D:10)
  A shadow (D:11)
  2 yaks (D:8)
  2 basilisks (D:9)
  A hungry ghost (D:9)
  An acid dragon (D:11)
  4 sky beasts
  A slave (D:9)
  4 orc warriors
  Purgy (Sewer)
  A necrophage (D:8)
  3 ice beasts
  2 phantoms
  5 ogres
  4 centaurs
  5 big kobolds
  6 bullfrogs
  3 scorpions
  A howler monkey (D:4)
  3 wights (D:9)
  2 quasits
  A bullfrog zombie (D:10)
  7 jellies
  8 orc priests
  4 hounds
  7 orc wizards
  2 centaur skeletons
  3 iguanas
  5 worker ants
  A hound skeleton (D:9)
  4 gnolls (D:5)
  10 adders
  A shadow imp (D:5)
  3 oozes
  An adder skeleton (D:6)
  4 worms
  A dart slug (D:4)
  9 leopard geckos
  59 orcs
  15 giant cockroaches
  10 goblins
  7 hobgoblins
  6 jackals
  20 kobolds
  2 quokkas
  2 ball pythons
  10 bats
  4 frilled lizards
  A quokka zombie (D:5)
  7 rats
281 creatures vanquished.

Vanquished Creatures (others)
  A wizard (D:8)
  A plant (D:5)
2 creatures vanquished.

Grand Total: 283 creatures vanquished

Notes
Turn   | Place    | Note
-------+----------+-------------------------------------------
     0 | D:1      | Felrender the Minotaur Fighter began the quest for the Orb.
     0 | D:1      | Reached XP level 1. HP: 19/19 MP: 0/0
   116 | D:1      | Reached XP level 2. HP: 24/27 MP: 1/1
   533 | D:1      | Reached XP level 3. HP: 33/33 MP: 2/2
   954 | D:2      | Reached skill level 3 in Axes
   975 | D:2      | Found an iron altar of Okawaru.
   982 | D:2      | Became a worshipper of Warmaster Okawaru
  1049 | D:2      | Found a hazy altar of Hepliaklqana.
  1049 | D:2      | Found a shattered altar of Ashenzari.
  1051 | D:2      | Found a bloodstained altar of Trog.
  1113 | D:2      | Reached XP level 4. HP: 38/40 MP: 3/3
  1717 | D:3      | Noticed a bullfrog
  1725 | D:3      | Killed a bullfrog
  1725 | D:3      | Reached skill level 4 in Axes
  1725 | D:3      | Reached skill level 1 in Dodging
  1725 | D:3      | Reached XP level 5. HP: 37/47 MP: 4/4
  1760 | D:3      | Reached * piety under Okawaru
  2407 | D:3      | Found a sacrificial altar of Ru.
  2529 | D:4      | Found Pialot's Antique Armour Boutique.
  2535 | D:4      | Bought a glowing chain mail for 210 gold pieces
  2555 | D:4      | Noticed an ogre
  2570 | D:4      | Killed an ogre
  2570 | D:4      | Reached skill level 5 in Axes
  2570 | D:4      | Reached skill level 5 in Armour
  2570 | D:4      | Reached XP level 6. HP: 53/53 MP: 5/5
  2602 | D:4      | Found a glowing drain.
  2627 | Sewer    | Entered a sewer
  2682 | Sewer    | Noticed Purgy
  2688 | Sewer    | Killed Purgy
  2688 | Sewer    | Reached skill level 5 in Shields
  2956 | D:4      | Identified Ogappe's Guide on Blistering Curses
  3066 | D:4      | Reached skill level 5 in Fighting
  3069 | D:4      | Reached skill level 6 in Axes
  3069 | D:4      | Reached XP level 7. HP: 56/61 MP: 6/6
  3475 | D:4      | Found a shadowy altar of Dithmenos.
  3491 | D:5      | Entered Level 5 of the Dungeon
  3502 | D:5      | Reached ** piety under Okawaru
  3553 | D:5      | Found a burning altar of Makhleb.
  3563 | D:5      | Reached skill level 7 in Axes
  3594 | D:5      | Found a staircase to the Ecumenical Temple.
  3859 | D:5      | Reached XP level 8. HP: 62/70 MP: 7/7
  4243 | D:6      | Reached skill level 8 in Axes
  4361 | D:6      | Found a shimmering altar of Xom.
  4370 | D:6      | Reached *** piety under Okawaru
  4504 | D:6      | Reached skill level 9 in Axes
  4516 | D:6      | Identified Ecutsuot's Guide on the Ashen Snowflakes
  4827 | D:6      | Found a hazy altar of Hepliaklqana.
  4857 | D:6      | Reached XP level 9. HP: 75/75 MP: 8/8
  5266 | D:7      | Reached **** piety under Okawaru
  6205 | D:8      | Reached skill level 10 in Axes
  6273 | D:8      | Noticed a three-headed hydra
  6291 | D:8      | Killed a three-headed hydra
  6291 | D:8      | Reached skill level 1 in Maces & Flails
  6312 | D:8      | Reached XP level 10. HP: 57/84 MP: 9/9
  6748 | D:8      | Reached skill level 11 in Axes
  6991 | D:8      | Found a bloodstained altar of Trog.
  6994 | D:8      | Noticed a wizard
  6998 | D:8      | Killed a wizard
  7287 | D:9      | Noticed a two-headed ogre
  7290 | D:9      | Reached ***** piety under Okawaru
  7296 | D:9      | Killed a two-headed ogre
  7307 | D:9      | Reached skill level 10 in Armour
  7323 | D:9      | Noticed Pikel
  7331 | D:9      | Killed Pikel
  7412 | D:9      | Noticed an elephant
  7419 | D:9      | Found a staircase to the Lair.
  7438 | D:9      | Killed an elephant
  7594 | D:9      | Reached skill level 12 in Axes
  7647 | D:9      | Received a gift from Okawaru
  7673 | D:9      | Found a staircase to the Orcish Mines.
  7739 | D:9      | Noticed Harold
  7763 | D:9      | Killed Harold
  7763 | D:9      | Reached skill level 10 in Shields
  7763 | D:9      | Reached XP level 11. HP: 81/94 MP: 10/10
  7976 | D:10     | Entered Level 10 of the Dungeon
  8382 | D:10     | Found a roughly hewn altar of Beogh.
  8630 | D:11     | Noticed Gastronok
  8708 | D:11     | HP: 1/94 [Gastronok (15)]
  8715 | D:11     | Killed Gastronok
  8715 | D:11     | Reached skill level 13 in Axes
  9149 | D:11     | Found a transporter.
  9151 | D:11     | Found a transporter.
  9151 | D:11     | Noticed Phroggus's ghost (journeyman DrWn)
  9151 | D:11     | Noticed a death knight
  9260 | D:11     | Slain by a gargoyle

Vault maps used:
D:1:      dpeg_arrival_round_c
D:2:      okawaru_metal_pillars_3, gammafunk_temple_overflow_claw
D:3:      nicolae_overflow_crystal_walls, first_ration
D:4:      gup_sewer_entry_pipe, serial_shops, shop, lemuel_statue_altar
D:5:      old_standard_altar, minmay_temple_entry_junction,
          serial_bayou_lagoon_a
D:6:      basic_altar, kennysheep_flooded_box
D:7:      minmay_misc_feat_plants
D:8:      hangedman_ranch, kennysheep_minor_cross, trog_wizard
D:9:      david_lair_generic, david_orc_2, minmay_tree_intersection, uniq_pikel,
          uniq_harold
D:10:     david_defended_altar_orc
D:11:     minmay_tri_box, gammafunk_ghost_mausoleum, uniq_gastronok
Sewer:    sewer_the_crocodile

Skill      XL: |  1  2  3  4  5  6  7  8  9 10 11 |
---------------+----------------------------------+-----
Fighting       | 4 5 6 7 8 |  8.4
Armour         | 4 5 7 9 10 11 | 11.2
Shields        | 4 5 6 7 8 10 11 | 11.0
Axes           | 3 4 5 6 7 9 10 12 13 | 13.0
Dodging        | 1 2 3 |  3.7
Maces & Flails | 2 |  2.8
Throwing       | |  0.1
Stealth        | |  0.6
Invocations    | |  0.6

Action                   |  1- 3 |  4- 6 |  7- 9 | 10-12 || total
-------------------------+-------+-------+-------+-------++-------
Melee: War axe           |   105 |   148 |   238 |   308 ||   799
       Headbutt          |    10 |    33 |    49 |    75 ||   167
       Flail             |       |       |     9 |       ||     9
Throw: Tomahawk          |       |       |     2 |       ||     2
Invok: Heroism           |       |       |     1 |     2 ||     3
       Finesse           |       |       |       |     1 ||     1
  Use: Scroll            |     7 |     8 |     9 |     5 ||    29
       Potion            |       |       |       |     6 ||     6
  Eat: Chunk             |     1 |     6 |     6 |     8 ||    21
       Ration            |       |       |     3 |     1 ||     4
Armor: Scale mail        |    50 |    26 |       |       ||    76
       Chain mail        |       |    51 |   131 |   138 ||   320
Dodge: Dodged            |    36 |    42 |    80 |    61 ||   219
Block: Shield            |    67 |    87 |   125 |   147 ||   426

Table legend:
 A = Non-vault XP
 B = Vault XP
 C = Vault XP percentage of total XP
 D = Non-vault monster count
 E = Vault monster count
 F = Vault count percentage of total count
                 A         B        C        D         E       F
            +---------+---------+-------+---------+---------+-------
      Total |    9088 |    7797 |  46.2 |     242 |      38 |  13.6
            +---------+---------+-------+---------+---------+-------
        D:1 |      53 |       0 |   0.0 |      27 |       0 |   0.0
        D:2 |      82 |       0 |   0.0 |      25 |       0 |   0.0
        D:3 |     207 |       0 |   0.0 |      31 |       0 |   0.0
        D:4 |     402 |      20 |   4.7 |      22 |       8 |  26.7
        D:5 |     646 |       0 |   0.0 |      17 |       0 |   0.0
        D:6 |    1346 |       0 |   0.0 |      30 |       0 |   0.0
        D:7 |     492 |       0 |   0.0 |      12 |       0 |   0.0
        D:8 |     902 |    2245 |  71.3 |      15 |       8 |  34.8
        D:9 |    2608 |    2700 |  50.9 |      25 |      11 |  30.6
       D:10 |    1716 |     125 |   6.8 |      28 |       3 |   9.7
       D:11 |     634 |    2572 |  80.2 |      10 |       2 |  16.7
      Sewer |       0 |     135 | 100.0 |       0 |       6 | 100.0
            +---------+---------+-------+---------+---------+-------
